 Dungeon Crawl Stone Soup version 0.30-a0-1094-g860fb061e7 (webtiles) character file.

Game seed: 4211220061403231126

39 lunkers the Slasher (level 3, -4/31 HPs)
             Began as a Meteoran Fighter on Apr 17, 2023.
             Slain by a gnoll
             ... wielding a +1 heavy flail
              (8 damage)
             ... on level 2 of the Dungeon.
             The game lasted 00:01:05 (523 turns).

lunkers the Slasher (Meteoran Fighter)               Turns: 523, Time: 00:01:06

Health: -4/31      AC:  8    Str: 17    XL:     3   Next: 97%
Magic:  4/4        EV:  9    Int: 10    God:
Gold:   21         SH:  5    Dex: 15    Spells: 2/2 levels left

rFire   . . .      SeeInvis .    a - +0 long sword
rCold   . . .      Faith    .    c - +0 buckler
rNeg    . . .      Spirit   .    b - +0 scale mail
rPois   .          Reflect  .    g - +0 helmet
rElec   .          Rampage  .    (no cloak)
rCorr   .                        (no gloves)
Will    .....                    (no boots) Stlth
                                 (no amulet)
HPRegen 0.25/turn                (no ring)
MPRegen 0.09/turn                (no ring)

@: glowing
A: sense surroundings 1, otherworldly, glowing, explore regen
a: no special abilities


You were on level 2 of the Dungeon.
You visited 1 branch of the dungeon, and saw 2 of its levels.

You collected 21 gold pieces.

Inventory:

Hand Weapons
 a - a +0 long sword (weapon)
Armour
 b - a +0 scale mail (worn)
 c - a +0 buckler (worn)
 g - a +0 helmet (worn)
Scrolls
 f - a scroll of blinking {unknown}
Potions
 d - a potion of might
 e - a potion of invisibility {unknown}


   Skills:
 - Level 3.2 Fighting
 + Level 4.6 Long Blades
 - Level 3.6 Armour
 - Level 3.6 Shields


You had 2 spell levels left.
You didn't know any spells.
Your spell library was empty.

Dungeon Overview and Level Annotations

Branches:
Dungeon (2/15) Zot: 613

Altars:


Innate Abilities, Weirdness & Mutations

You passively map a small area around you.
You are easily found by Zot.
You glow in the dark.
You regain HP and MP as you explore.


Message History

No target in view!
You now have 21 gold pieces (gained 18).
A gnoll comes into view. It is wielding a +1 heavy flail.
The gnoll shouts!
A rat comes into view.
A gnoll comes into view. It is wielding a +0 spear.
The gnoll shouts!
A gnoll comes into view. It is wielding a +0 spear.
The gnoll shouts!
A gnoll comes into view. It is wielding a +0 whip.
The gnoll attacks as you move away!
The gnoll hits you with a +1 heavy flail!
* * * LOW HITPOINT WARNING * * *
The gnoll shouts!
The gnoll attacks as you move away! The gnoll closely misses you.
Found a helmet.
The gnoll attacks as you move away! The gnoll barely misses you.
Found a viscous cyan potion.
The gnoll attacks as you move away!
The gnoll hits you with a +1 heavy flail.
Found 3 scrolls labelled VEVEIXZARRE.
You block the gnoll's attack. The rat bites you but does no damage.
The rat attacks as you move away! The rat barely misses you.
You hit the rat but do no damage. You block the rat's attack.
You hit the rat.
You kill the rat!
You closely miss the gnoll.
The gnoll hits you with a +1 heavy flail!
* * * LOW HITPOINT WARNING * * *
You barely miss the gnoll. The gnoll closely misses you.
You closely miss the gnoll.
The gnoll hits you with a +1 heavy flail!
* * * LOW HITPOINT WARNING * * *
You hit the gnoll but do no damage. You block the gnoll's attack.
The gnoll hits you from afar with a +0 spear.
* * * LOW HITPOINT WARNING * * *
You barely miss the gnoll. The gnoll misses you.
The gnoll hits you with a +1 heavy flail!
You die...

#............................
* ..................(........
...................##...g..
...................##.g.g.. ,
.........#####.#......####. *
######### #........# *
########## ##.......# ,
.........# ##......# ..#...
#@# #......# * , * #.....##g#
#......# , ,
......!gg#####......##
#.?.........##.........
............g..#....##.,
,...............#....#*
...............#.....#
..............##.......
##............# ...[##.


You could see 3 gnolls.

Vanquished Creatures
  An adder (D:2)
  A worm (D:2)
  2 bats (D:1)
  2 endoplasms (D:1)
  A giant cockroach (D:1)
  2 goblins (D:2)
  A hobgoblin (D:1)
  3 jackals (D:2)
  4 quokkas
  3 frilled lizards
  2 kobolds (D:1)
  5 rats
27 creatures vanquished.

Notes
Turn   | Place    | Note
-------+----------+-------------------------------------------
     0 | D:1      | lunkers the Meteoran Fighter began the quest for the Orb.
     0 | D:1      | Reached XP level 1. HP: 19/19 MP: 2/2
   124 | D:1      | Reached skill level 3 in Long Blades
   124 | D:1      | Reached XP level 2. HP: 26/26 MP: 3/3
   368 | D:1      | Reached XP level 3. HP: 16/31 MP: 4/4
   431 | D:2      | Reached skill level 4 in Long Blades
   523 | D:2      | Slain by a gnoll

Illustrated notes

Levels and vault maps discovered:
D:1:      nagdon_arrival_double_spiral, layout_basic, hex_intersection,
          kennysheep_small_spiral, st_stairs_5
D:2:      layout_basic

Skill      XL: |  1  2  3 |
---------------+----------+-----
Long Blades    | 3 4 |  4.6
Fighting       | |  3.2
Armour         | |  3.6
Shields        | |  3.6

Action                     || total
---------------------------++-------
  Melee: Long sword        ||   113
 Armour: Scale mail        ||    62
  Dodge: Dodged            ||    37
  Block: Buckler           ||    27

Table legend: (Time is in decaauts)
 A = Elapsed time spent in this place.
 B = Non-inter-level travel time spent in this place.
 C = Inter-level travel time spent in this place.
 D = Time resting spent in this place.
 E = Time spent auto-exploring this place.
 F = Levels seen in this place.
 G = Mean time per level.
                   A        B        C        D        E       F      G
               +--------+--------+--------+--------+--------+-----+--------+
         Total |    585 |    585 |      0 |      0 |    317 |   2 |  292.5 |
       Dungeon |    585 |    585 |      0 |      0 |    317 |   2 |  292.5 |
               +--------+--------+--------+--------+--------+-----+--------+

Top non-repeatable levels by time:
     D:1: 456 daAuts
     D:2: 129 daAuts
